 Dungeon Crawl Stone Soup version 0.22-a0-253-gf9d0ce5 (webtiles) character file.

716 HEYYEYAAE the Caller (level 7, 0/56 HPs)
             Began as a Demigod Summoner on Mar 3, 2018.
             Slain by Prince Ribbit (5 damage)
             ... on level 5 of the Dungeon.
             The game lasted 00:08:11 (5191 turns).

HEYYEYAAE the Caller (Demigod Summoner)             Turns: 5191, Time: 00:08:11

Health: 0/56       AC:  3    Str: 11    XL:     7   Next: 18%
Magic:  9/14       EV: 19    Int: 23    God:
Gold:   207        SH:  0    Dex: 21    Spells: 5/12 levels left

rFire    . . .     SeeInvis +   o - +0 halberd
rCold    . . .     Gourm    .   (shield currently unavailable)
rNeg     . . .     Faith    .   p - +1 robe {MR+}
rPois    .         Spirit   .   (no helmet)
rElec    .         Reflect  .   (no cloak)
rCorr    +         Harm     .   (no gloves)
MR       +....                  (no boots)
Stlth    +++.......             (no amulet)
HPRegen  0.18/turn              h - ring of resist corrosion
MPRegen  0.14/turn              q - ring of see invisible

@: agile
A: high mp 1
a: no special abilities


You were on level 5 of the Dungeon.
You were not hungry.

You visited 1 branch of the dungeon, and saw 5 of its levels.

You collected 207 gold pieces.

Inventory:

Hand Weapons
 e - a +0 quarterstaff
 o - a +0 halberd (weapon)
Missiles
 f - 63 sling bullets
Armour
 p - a +1 robe of magic resistance (worn)
Jewellery
 h - a ring of resist corrosion (left hand)
 q - a ring of see invisible (right hand)
Wands
 u - a wand of iceblast (7)
Scrolls
 b - a scroll of noise {unknown}
 g - a scroll of fog {unknown}
 i - 2 scrolls of immolation {unknown}
 j - 2 scrolls of enchant weapon {unknown}
 k - a scroll of amnesia {unknown}
Potions
 a - a potion of lignification {unknown}
 d - a potion of cancellation
 l - 3 potions of degeneration
 m - a potion of flight
 n - 4 potions of brilliance
 s - a potion of magic
Comestibles
 c - 12 rations


   Skills:
 + Level 2.7 Fighting
 * Level 2.4 Staves
 + Level 2.7 Armour
 + Level 3.3 Dodging
 - Level 1.7 Stealth
 + Level 3.1 Spellcasting
 + Level 4.6 Summonings
 + Level 1.5 Evocations


You had 5 spell levels left.
You knew the following spells:

 Your Spells              Type           Power        Failure   Level  Hunger
a - Call Imp              Summ           ####....     2%          2    ##.....
b - Summon Small Mammal   Summ           ####         1%          1    None
c - Summon Ice Beast      Ice/Summ       ##......     41%         4    ####...


Dungeon Overview and Level Annotations

Branches:
Dungeon (5/15)
 Temple: D:4-7

Annotations:
D:5 Prince Ribbit


Innate Abilities, Weirdness & Mutations

You have an increased reservoir of magic. (+10% MP)


Message History

A shadowy apparition takes form in the air.
Prince Ribbit hits you!
* * * LOW HITPOINT WARNING * * *
Something hits your white imp but does no damage.
Your crimson imp hits Prince Ribbit.
Your white imp hits the worker ant but does no damage.
Your shadow imp disappears in a puff of smoke!
The worker ant bites your crimson imp! Prince Ribbit hits you!
* * * LOW HITPOINT WARNING * * *
Your crimson imp barely misses the worker ant.
The worker ant bites your crimson imp. Something hits your white imp.
Your shadow imp barely misses Prince Ribbit.
Your white imp hits the worker ant.
Your white imp freezes the worker ant.
Your shadow imp misses Prince Ribbit.
Okay, then.
You feel agile all of a sudden. Prince Ribbit hits you.
* * * LOW HITPOINT WARNING * * *
Prince Ribbit hits you.
You die...

.......#.#.#.##.####
..#.#..#...#.##.#
..#.#..#.###.##.###
..#.#..#.# #.##......
#.....##.###.##.# #.#
................# #.#
###########.##..###.#
##'##......#
#...#..@...#
#...##F###.#
#...##5..5a#####.##
#...######5ยง.......
#...# #.5.......
#...# ######..##
##### .#


You could see Prince Ribbit and a friendly shadow imp.

Vanquished Creatures
  The ghost of anet the Fighter, a novice GnWn (D:4)
  Sigmund (D:3)
  A phantom (D:4)
  2 orc wizards (D:4)
  A bullfrog skeleton (D:4)
  An iguana (D:5)
  An adder (D:2)
  An ooze (D:3)
  2 worms (D:2)
  An orc (D:5)
  3 ball pythons
  6 bats
  4 giant cockroaches
  2 goblins
  5 hobgoblins
  5 jackals (D:5)
  4 frilled lizards
  4 kobolds
  4 rats
49 creatures vanquished.

Vanquished Creatures (collateral kills)
  An ogre (D:4)
  A crimson imp (D:4)
  An orc priest (D:4)
  An orc wizard (D:4)
  2 worker ants (D:4)
  2 adders (D:3)
  3 worms
  A dart slug (D:1)
  A leopard gecko (D:3)
  3 orcs
  3 giant cockroaches
  2 goblins
  4 hobgoblins
  5 jackals
  4 kobolds
  3 bats
  A frilled lizard (D:2)
  A rat (D:1)
39 creatures vanquished.

Grand Total: 88 creatures vanquished

Notes
Turn   | Place    | Note
-------+----------+-------------------------------------------
     0 | D:1      | HEYYEYAAE the Demigod Summoner began the quest for the Orb.
     0 | D:1      | Reached XP level 1. HP: 14/14 MP: 5/5
   400 | D:1      | Reached XP level 2. HP: 17/22 MP: 5/7
  1079 | D:2      | Reached skill level 1 in Fighting
  1079 | D:2      | Reached XP level 3. HP: 23/28 MP: 4/8
  1117 | D:2      | Learned a level 2 spell: Call Imp
  1162 | D:2      | Reached skill level 1 in Armour
  1202 | D:2      | Found a sacrificial altar of Ru.
  2192 | D:3      | Noticed Sigmund
  2206 | D:3      | Killed Sigmund
  2206 | D:3      | Reached skill level 4 in Summonings
  2206 | D:3      | Reached XP level 4. HP: 31/36 MP: 2/10
  2206 | D:3      | Reached XP level 5. HP: 35/41 MP: 2/11
  2494 | D:3      | Found a bloodstained altar of Trog.
  2515 | D:3      | Noticed a phantom
  3198 | D:4      | Noticed anet's ghost (novice GnWn)
  3201 | D:4      | Noticed a phantom
  3509 | D:4      | Noticed an ogre
  3517 | D:4      | Killed an ogre
  3517 | D:4      | Reached skill level 1 in Staves
  3517 | D:4      | Reached XP level 6. HP: 48/48 MP: 8/13
  4059 | D:4      | Killed anet's ghost
  4059 | D:4      | Reached skill level 1 in Evocations
  4059 | D:4      | Reached XP level 7. HP: 27/56 MP: 2/14
  4769 | D:5      | Entered Level 5 of the Dungeon
  4858 | D:4      | Learned a level 4 spell: Summon Ice Beast
  5180 | D:5      | Noticed Prince Ribbit
  5191 | D:5      | Slain by Prince Ribbit

Vault maps used:
D:1:      zaba_arrival_water
D:2:      nicolae_ru_awakened_eye
D:3:      lemuel_coloured_pillars_altar, lemuel_flame_loot_1, uniq_sigmund
D:4:      first_ration
D:5:      uniq_prince_ribbit1

Skill      XL: |  1  2  3  4  5  6 |
---------------+-------------------+-----
Dodging        | 2 3 |  3.3
Spellcasting   | 2 3 |  3.1
Fighting       | 1 2 |  2.7
Armour         | 1 2 |  2.7
Summonings     | 4 |  4.6
Staves         | 1 2 |  2.4
Evocations     | 1 |  1.5
Stealth        | |  1.7

Action                   |  1- 3 |  4- 6 |  7- 9 || total
-------------------------+-------+-------+-------++-------
Melee: Unarmed           |    36 |       |       ||    36
       Whip              |    62 |       |       ||    62
       Halberd           |    49 |    70 |    40 ||   159
       Quarterstaff      |       |     5 |       ||     5
 Cast: Summon Small Mamm |    30 |       |       ||    30
       Call Imp          |    12 |    34 |    20 ||    66
Evoke: Wand              |       |     2 |     1 ||     3
  Use: Scroll            |       |     4 |     3 ||     7
       Potion            |       |     3 |     1 ||     4
 Stab: Sleeping          |     9 |     1 |       ||    10
       Distracted        |       |     1 |       ||     1
  Eat: Chunk             |     5 |     7 |     2 ||    14
       Ration            |       |       |     1 ||     1
Armor: Robe              |    26 |    11 |     6 ||    43
Dodge: Dodged            |   120 |    39 |    30 ||   189

Table legend:
 A = Spawn XP
 B = Non-spawn XP
 C = Spawn XP percentage of total XP
 D = Spawn monster count
 E = Non-spawn monster count
 F = Spawn count percentage of total count
 G = Total turns spent on level
                    A         B        C        D         E        F      G
               +---------+---------+-------+---------+---------+-------+---------
         Total |       0 |    1023 |   0.0 |       0 |      88 |   0.0 |  5191
               +---------+---------+-------+---------+---------+-------+---------
           D:1 |       0 |      36 |   0.0 |       0 |      23 |   0.0 |   934
           D:2 |       0 |      45 |   0.0 |       0 |      21 |   0.0 |  1192
           D:3 |       0 |     224 |   0.0 |       0 |      16 |   0.0 |  1271
           D:4 |       0 |     683 |   0.0 |       0 |      19 |   0.0 |  1581
           D:5 |       0 |      35 |   0.0 |       0 |       9 |   0.0 |   213
               +---------+---------+-------+---------+---------+-------+---------
